 Dungeon Sprint DCSS version 0.31-a0-960-g0fca184906 (webtiles) character file.

Game seed: 14365904912682652058

18787 rocky1 the Impaler (level 12, -23/103 HPs)
             Began as a Formicid Fighter on Oct 23, 2023.
             Was the Champion of Cheibriados.
             Killed from afar by a deep elf annihilator (50 damage)
             ... with a bolt of lightning
             ... in the Dungeon (Sprint VII: "The Pits").
             The game lasted 00:09:11 (3913 turns).

rocky1 the Impaler (Formicid Fighter)               Turns: 3913, Time: 00:09:12

Health: -23/103    AC: 20    Str: 40    XL:     12   Next: 99%
Magic:  22/22      EV: 15    Int: 27    God:    Cheibriados [******]
Gold:   11         SH:  9    Dex: 28    Spells: 24/24 levels left

rFire   . . .        i - +5 Lochaber axe {reach-cleave, Poleaxe Drain}
rCold   . . .        c - +0 buckler
rNeg    . . .        x - +2 plate armour {rPois}
rPois   +            (helmet unavailable)
rElec   .            (no cloak)
rCorr   .            o - +0 pair of gloves
SInv    +            n - +0 pair of boots
Will    +....        (no amulet) Stlth
                     a - +3 ring of evasion
HPRegen 0.37/turn    b - +3 ring of intelligence
MPRegen 0.18/turn

%: no passive effects
@: very slow
A: permanent stasis, dig shafts and tunnels, antennae 3, four strong arms
a: Dig, Renounce Religion, Bend Time, Temporal Distortion, Slouch, Step From
Time


You were in the Dungeon.
You worshipped Cheibriados.
Cheibriados was exalted by your worship.
You visited 1 branch You collected 11 gold pieces.

Inventory:

Hand Weapons
 i - the +5 Lochaber axe (weapon) {reach-cleave, Poleaxe Drain}
   (You found it in the Dungeon)

   Poleaxe:   It uses either Axes or Polearms skill, whichever is higher.
   Drain:     It drains your maximum health when unequipped.
 l - a +2 quarterstaff of protection
Missiles
 p - 3 throwing nets
 w - 3 curare-tipped darts
Armour
 c - a +0 buckler (worn)
 n - a +0 pair of boots (worn)
 o - a +0 pair of gloves (worn)
 x - a +2 plate armour of poison resistance (worn)
Jewellery
 a - a +3 ring of evasion (left hand)
 b - a +3 ring of intelligence (right hand)
Scrolls
 j - 5 scrolls of amnesia
 k - a scroll of summoning
 m - 6 scrolls of fear
 q - 2 scrolls of enchant armour
 s - 2 scrolls of enchant weapon
 t - 2 scrolls of identify
Potions
 d - 2 potions of might
 e - 9 potions of curing
 f - 8 potions of heal wounds
 g - 4 potions of magic
 h - a potion of invisibility
 r - 2 potions of mutation
 u - a potion of attraction


   Skills:
 + Level 12.8 Fighting
 * Level 19.4(20.5) Polearms
 - Level 11.9(17.0) Staves
 + Level 11.3 Armour
 + Level 4.4 Dodging
 + Level 5.4 Stealth
 + Level 13.0 Shields
 * Level 6.5 Spellcasting
 - Level 14.1 Invocations


You had 24 spell levels left.
You didn't know any spells.
Your spell library contained the following spells:

 Spells                   Type           Power      Damage    Failure   Level
 Magic Dart               Conj           32%        1d4       28%         1
 Call Imp                 Summ           16%        N/A       38%         2
 Mephitic Cloud           Conj/Pois/Air  8%         N/A       63%         3
 Olgreb's Toxic Radiance  Pois           8%         N/A       95%         4
 Discord                  Hex            4%         N/A       100%        8
 Ignition                 Fire           4%         3d4       100%        8


Dungeon Overview and Level Annotations

Branches:
Dungeon (1/1)

Altars:
Ashenzari
Cheibriados
Dithmenos
Elyvilon
Fedhas
Gozag
Hepliaklqana
Kikubaaqudgha
Makhleb
Nemelex Xobeh
Okawaru
Qazlal
Ru
Sif Muna
Trog
Uskayaw
Vehumet
Wu Jian
Xom
Yredelemnul
Zin
The Shining One
Jiyva
Lugonu


Innate Abilities, Weirdness & Mutations

You cannot be hasted, slowed, berserked, paralysed or teleported.
You can dig through walls and to a lower floor.
You have a pair of large antennae on your head. (SInv)
Your four strong arms can wield two-handed weapons with a shield.


Message History

The bolt of cold misses you.
A white draconian stormcaller comes into view.
It is wielding a +0 long sword.
A red draconian scorcher comes into view.
It is wielding a +0 long sword.
A deep elf demonologist comes into view.
It is wielding a +0 rapier.
The white draconian stormcaller invokes the aid of Qazlal against you.
The blast of magma engulfs you!!
The red draconian scorcher roars!
You hear a shout!
Okay, then.
The white draconian stormcaller mumbles some strange prayers to Qazlal.
The deep elf annihilator gestures wildly while chanting.
The deep elf annihilator blinks!
An ogre mage comes into view. It is wielding a +0 spear.
The deep elf annihilator mumbles some strange words.
The deep elf annihilator blinks!
The red draconian scorcher breathes fire at you.
The searing blast hits you!! x2
* * * LOW HITPOINT WARNING * * *
The ogre mage mumbles some strange words.
The ogre mage flickers and vanishes for a moment.
The arcanist casts a spell.
The arcanist seems to speed up.
A deep elf high priest comes into view. It is wielding a +0 long sword.
The red draconian scorcher attacks as it pursues you!
The red draconian scorcher closely misses you.
The red draconian scorcher is engulfed in blazing flames.
You block the red draconian scorcher's attack.
Unknown command.
As you read the scroll of fear, it crumbles to dust.
You assume a fearsome visage.
The deep elf high priest resists with almost no effort.
The ogre mage looks frightened!
The red draconian scorcher resists with some effort.
The white draconian stormcaller looks frightened!
The deep elf annihilator looks frightened!
The red draconian scorcher is engulfed in blazing flames.
The red draconian scorcher closely misses you.
A deep elf annihilator comes into view. It is wielding a +0 long sword.
The deep elf annihilator points at you and mumbles some strange words.
The bolt of lightning hits you!!!
You die...

#[.# {{{
#..# {{{
#[.# {{
#..# #''#
####''# {
{#e....#
.{...#..##
.... ##@.#
... #..##
{# ##q:#
{#p.:#
,{{..[:#
#.q#..:#
,#..###O:#
.{e., ..##
... #.:


You could see a red draconian scorcher (catching breath), a deep elf
annihilator, an ogre mage (invisible, fleeing) and an arcanist (fast).

Vanquished Creatures
  An eidolon (D)
  A merfolk impaler (D)
  Harold (D)
  An ogre mage (D)
  A boulder beetle (D)
  2 vampire magi (D)
  A demonic crawler (D)
  2 sixfirhies (D)
  A sea snake (D)
  2 flayed ghosts (D)
  A shadow wraith (D)
  A bog body (D)
  3 deep elf pyromancers (D)
  2 phantasmal warriors (D)
  An orc sorcerer (D)
  An elephant (D)
  An orange demon (D)
  A cane toad (D)
  A rime drake (D)
  An unseen horror (D)
  An efreet (D)
  A guardian mummy (D)
  5 merfolk (D)
  A red devil (D)
  2 hornets (D)
  5 blink frogs (D)
  A glass eye (D)
  2 snapping turtles (D)
  A flying skull (D)
  2 wyverns (D)
  A water elemental (D)
  A basilisk (D)
  3 redbacks (D)
  Menkaure (D)
  An acid dragon (D)
  A sky beast (D)
  A black bear (D)
  An ogre (D)
  3 wolves (D)
  A centaur (D)
  A phantom (D)
  A scorpion (D)
  8 wights (D)
  A quasit (D)
  An orc priest (D)
  A jelly (D)
  A gnoll bouda (D)
  2 iron imps (D)
  4 orc wizards (D)
  A mummy (D)
  4 gnolls (D)
  An adder (D)
  2 river rats (D)
  10 orcs (D)
  2 ball pythons (D)
  A goblin (D)
  A ball python zombie (D)
  A bat (D)
  2 frilled lizards (D)
  A rat (D)
107 creatures vanquished.

Notes
Turn   | Place    | Note
-------+----------+-------------------------------------------
     0 | D        | rocky1 the Formicid Fighter began the quest for the Orb.
     0 | D        | Reached XP level 1. HP: 18/18 MP: 1/1
    24 | D        | Found a bloodstained altar of Trog.
    24 | D        | Found a shimmering blue altar of Sif Muna.
    24 | D        | Found a viscous altar of Jiyva.
    24 | D        | Found a hazy altar of Hepliaklqana.
    24 | D        | Found an opulent altar of Gozag.
    47 | D        | Found a glowing golden altar of the Shining One.
    47 | D        | Found a glowing silver altar of Zin.
    47 | D        | Found a basalt altar of Yredelemnul.
    47 | D        | Found a shimmering altar of Xom.
    47 | D        | Found an ornate altar of the Wu Jian Council.
    47 | D        | Found a sacrificial altar of Ru.
    47 | D        | Found a stormy altar of Qazlal.
    47 | D        | Found an iron altar of Okawaru.
    47 | D        | Found a sparkling altar of Nemelex Xobeh.
    47 | D        | Found a burning altar of Makhleb.
    47 | D        | Found a blossoming altar of Fedhas.
    47 | D        | Found a white marble altar of Elyvilon.
    47 | D        | Found a shadowy altar of Dithmenos.
    47 | D        | Found a snail-covered altar of Cheibriados.
    50 | D        | Found a corrupted altar of Lugonu.
    50 | D        | Found a radiant altar of Vehumet.
    51 | D        | Found an ancient bone altar of Kikubaaqudgha.
    51 | D        | Found a hide-covered altar of Uskayaw.
    51 | D        | Found a broken altar of Ashenzari.
    60 | D        | Became a worshipper of Cheibriados the Contemplative
    83 | D        | Reached skill level 1 in Invocations
    83 | D        | Reached XP level 2. HP: 25/25 MP: 1/3
    85 | D        | Reached * piety under Cheibriados
    92 | D        | Reached skill level 5 in Shields
    95 | D        | Reached ** piety under Cheibriados
    96 | D        | Reached XP level 3. HP: 30/30 MP: 2/4
   100 | D        | Noticed a flying skull
   116 | D        | Killed a flying skull
   117 | D        | Reached skill level 5 in Invocations
   117 | D        | Reached XP level 4. HP: 8/40 MP: 1/8
   117 | D        | Reached XP level 5. HP: 9/46 MP: 1/9
   119 | D        | Reached *** piety under Cheibriados
   122 | D        | Reached XP level 6. HP: 10/52 MP: 2/10
   268 | D        | Reached **** piety under Cheibriados
   269 | D        | Reached skill level 5 in Staves
   269 | D        | Noticed Menkaure
   282 | D        | Reached ***** piety under Cheibriados
   307 | D        | Reached ****** piety under Cheibriados
   310 | D        | Killed Menkaure
   311 | D        | Reached XP level 7. HP: 22/60 MP: 12/12
   548 | D        | Noticed a red devil
   563 | D        | Killed a red devil
   564 | D        | Reached skill level 1 in Stealth
   564 | D        | Reached XP level 8. HP: 41/68 MP: 12/14
   769 | D        | Noticed a guardian mummy
   769 | D        | Noticed a phantasmal warrior
   772 | D        | Reached skill level 10 in Staves
   777 | D        | Killed a phantasmal warrior
   778 | D        | Reached skill level 10 in Shields
   778 | D        | Reached skill level 10 in Invocations
   778 | D        | Reached XP level 9. HP: 19/76 MP: 5/16
   780 | D        | Killed a guardian mummy
   956 | D        | Found the +5 Lochaber axe {reach-cleave, Poleaxe Drain}
  1097 | D        | Noticed a cane toad
  1104 | D        | Killed a cane toad
  1105 | D        | Reached skill level 2 in Polearms
  1458 | D        | Noticed a deep elf pyromancer
  1460 | D        | Reached skill level 3 in Polearms
  1462 | D        | Killed a deep elf pyromancer
  1463 | D        | Reached skill level 10 in Fighting
  1463 | D        | Reached skill level 5 in Polearms
  1463 | D        | Reached XP level 10. HP: 67/85 MP: 18/18
  1907 | D        | Reached skill level 6 in Polearms
  2228 | D        | Noticed a flayed ghost
  2234 | D        | Killed a flayed ghost
  2235 | D        | Reached skill level 8 in Polearms
  2456 | D        | Reached skill level 9 in Polearms
  2460 | D        | Noticed a phantasmal warrior
  2460 | D        | Noticed a merfolk impaler
  2460 | D        | Noticed a demonic crawler
  2463 | D        | Noticed a deep elf pyromancer
  2468 | D        | Killed a phantasmal warrior
  2469 | D        | Reached skill level 10 in Polearms
  2476 | D        | Killed a merfolk impaler
  2476 | D        | Killed a deep elf pyromancer
  2477 | D        | Reached skill level 12 in Polearms
  2477 | D        | Reached skill level 10 in Armour
  2477 | D        | Reached XP level 11. HP: 25/93 MP: 6/21
  2478 | D        | Killed a demonic crawler
  2479 | D        | Reached skill level 13 in Polearms
  2804 | D        | Noticed a deep elf pyromancer
  2810 | D        | Killed a deep elf pyromancer
  2988 | D        | Noticed Harold
  2992 | D        | Noticed a flayed ghost
  2992 | D        | Noticed a sea snake
  2995 | D        | Reached skill level 14 in Polearms
  2995 | D        | Reached skill level 1 in Spellcasting
  2996 | D        | Reached skill level 5 in Stealth
  2997 | D        | Killed Harold
  2998 | D        | Reached skill level 15 in Polearms
  2998 | D        | Killed a sea snake
  2999 | D        | Reached XP level 12. HP: 27/102 MP: 11/22
  3000 | D        | Killed a flayed ghost
  3001 | D        | Reached skill level 16 in Polearms
  3187 | D        | Noticed a sixfirhy
  3189 | D        | Killed a sixfirhy
  3348 | D        | Reached skill level 17 in Polearms
  3360 | D        | Noticed a shadow wraith
  3364 | D        | Noticed a sun demon
  3365 | D        | Killed a shadow wraith
  3366 | D        | Reached skill level 5 in Spellcasting
  3379 | D        | Noticed a sixfirhy
  3390 | D        | Killed a sixfirhy
  3532 | D        | Noticed an eidolon
  3532 | D        | Noticed a boulder beetle
  3538 | D        | Killed an eidolon
  3539 | D        | Reached skill level 18 in Polearms
  3546 | D        | Killed a boulder beetle
  3728 | D        | Noticed a vampire mage
  3734 | D        | Killed a vampire mage
  3735 | D        | Reached skill level 19 in Polearms
  3740 | D        | Noticed a vampire mage
  3749 | D        | Killed a vampire mage
  3792 | D        | Noticed an ogre mage
  3796 | D        | Killed an ogre mage
  3906 | D        | Noticed a deep elf annihilator
  3906 | D        | Noticed a deep elf annihilator
  3906 | D        | Noticed a white draconian stormcaller
  3906 | D        | Noticed a red draconian scorcher
  3906 | D        | Noticed a deep elf demonologist
  3910 | D        | Noticed an ogre mage
  3910 | D        | Noticed a deep elf high priest
  3913 | D        | Noticed a deep elf annihilator
  3913 | D        | Killed from afar by a deep elf annihilator

Illustrated notes

Levels and vault maps discovered:
D:        pitsprint [storerooms_1, entrance_room_1, metal_vault_6, armoury_1,
          mini_pit_1, grid_room_1, main_hall_1, silver_pit, the_coven_3,
          the_vestibule_1, steel_vault_2, golden_pit, hallway_of_sentries,
          crystal_vault_6, iron_vault_1, final_vault]

Skill      XL: |  1  2  3  4  5  6  7  8  9 10 11 12 |
---------------+-------------------------------------+-----
Fighting       | 4 6 7 9 10 11 12 | 12.8
Armour         | 4 6 7 8 9 10 11 | 11.3
Invocations    | 1 2 5 7 8 10 11 13 14 | 14.1
Shields        | 5 7 8 9 10 11 12 13 | 13.0
Staves         | 4 7 8 11 | 11.9
Dodging        | 2 3 4 |  4.4
Stealth        | 1 2 3 5 |  5.4
Polearms       | 5 12 15 19 | 19.4
Spellcasting   | 3 6 |  6.5

Action                     |  1- 3 |  4- 6 |  7- 9 | 10-12 || total
---------------------------+-------+-------+-------+-------++-------
  Melee: Quarterstaff      |    31 |    48 |    37 |       ||   116
         Lochaber axe      |       |       |    11 |   112 ||   123
 Invoke: Bend Time         |     1 |       |       |     1 ||     2
         Slouch            |       |       |     2 |     8 ||    10
    Use: Potion            |     2 |       |       |     9 ||    11
         Scroll            |       |       |       |     1 ||     1
   Stab: Invisible         |       |       |       |     5 ||     5
 Armour: Scale mail        |    22 |     1 |       |       ||    23
         Plate armour      |       |    19 |    21 |    89 ||   129
  Dodge: Dodged            |    21 |    13 |    14 |    76 ||   124
  Block: Buckler           |    13 |    21 |    22 |    53 ||   109

Table legend: (Time is in decaauts)
 A = Elapsed time spent in this place.
 B = Non-inter-level travel time spent in this place.
 C = Inter-level travel time spent in this place.
 D = Time resting spent in this place.
 E = Time spent auto-exploring this place.
 F = Levels seen in this place.
 G = Mean time per level.
                   A        B        C        D        E       F      G
               +--------+--------+--------+--------+--------+-----+--------+
         Total |   4449 |   4310 |    139 |   2933 |      0 |   1 | 4449.0 |
       Dungeon |   4449 |   4310 |    139 |   2933 |      0 |   1 | 4449.0 |
               +--------+--------+--------+--------+--------+-----+--------+

Top non-repeatable levels by time:
       D: 4449 daAuts
